 Dungeon Crawl Stone Soup version 0.31-a0-18-gea43df2a32 (webtiles) character file.

Game seed: 13426262102325821382

310 vineage the Poker (level 6, -2/49 HPs)
             Began as a Merfolk Fighter on May 11, 2023.
             Slain by Pikel
             ... wielding a +2 whip of flaming
              (6 damage)
             ... on level 4 of the Dungeon.
             The game lasted 00:03:57 (3065 turns).

vineage the Poker (Merfolk Fighter)                 Turns: 3065, Time: 00:03:58

Health: -2/49      AC: 15    Str: 18    XL:     6   Next: 41%
Magic:  6/6        EV:  6    Int:  8    God:
Gold:   178        SH:  5    Dex: 13    Spells: 5/5 levels left

rFire   . . .        a - +0 trident
rCold   . . .        c - +0 buckler
rNeg    . . .        k - +0 plate armour
rPois   .            x - +2 helmet
rElec   .            (no cloak)
rCorr   .            (no gloves)
SInv    .            l - +0 pair of boots
Will    .....        (no amulet) Stlth
                     (no ring)
HPRegen 0.28/turn    (no ring)
MPRegen 0.10/turn

%: no passive effects
@: about to teleport, flying
A: (nimble swimmer 2), mertail
a: no special abilities


You were on level 4 of the Dungeon.
You visited 1 branch of the dungeon, and saw 4 of its levels.

You collected 178 gold pieces.

Inventory:

Hand Weapons
 a - a +0 trident (weapon)
Armour
 c - a +0 buckler (worn)
 k - a +0 plate armour (worn)
 l - a +0 pair of boots (worn)
 x - a +2 helmet (worn)
Wands
 u - a wand of acid (5)
Scrolls
 b - 3 scrolls of immolation
 f - a scroll of magic mapping {unknown}
 h - a scroll of identify
 m - a scroll of vulnerability
Potions
 e - 3 potions of brilliance
 g - 2 potions of berserk rage {unknown}
 j - 2 potions of haste {unknown}
 r - a potion of curing {unknown}
 s - a potion of attraction {unknown}
 v - a potion of heal wounds {unknown}


   Skills:
 + Level 4.4 Fighting
 + Level 4.5 Polearms
 + Level 3.0 Armour
 + Level 3.3 Dodging
 + Level 4.1 Shields


You had 5 spell levels left.
You didn't know any spells.
Your spell library contained the following spells:

 Spells                   Type           Power      Damage    Failure   Level
 Apportation              Tloc           0%         N/A       100%        1
 Necrotise                Necr           0%         1d4       100%        1
 Summon Small Mammal      Summ           0%         N/A       100%        1
 Blink                    Tloc           0%         N/A       100%        2
 Manifold Assault         Tloc           0%         N/A       100%        4
 Alistair's Intoxication  Tmut/Pois      0%         N/A       100%        5
 Summon Forest            Summ/Tloc      0%         N/A       100%        5
 Summon Mana Viper        Hex/Summ       0%         N/A       100%        5
 Summon Cactus Giant      Summ           0%         N/A       100%        6
 Storm Form               Tmut/Air       0%         N/A       100%        7


Dungeon Overview and Level Annotations

Branches:
Dungeon (4/15)
 Temple: D:4-7

Altars:
Ru

Shops:
D:1 (

Annotations:
D:4 Pikel


Innate Abilities, Weirdness & Mutations

((You are very nimble when in or above water. (Stealth+, EV+, Speed+++)))
Your lower body shifts to a powerful aquatic tail in water.


Message History

Pikel hits you with a +2 whip of flaming.
Pikel burns you.
Pikel hits you with a +2 whip of flaming.
Pikel burns you.
You are too injured to fight recklessly!
You are too injured to fight recklessly!
You are too injured to fight recklessly!
You are too injured to fight recklessly!
You are too injured to fight recklessly!
You are too injured to fight recklessly!
You are too injured to fight recklessly!
You are too injured to fight recklessly!
You are too injured to fight recklessly!
You are too injured to fight recklessly!
You are too injured to fight recklessly!
You are too injured to fight recklessly!
You are too injured to fight recklessly!
You feel very buoyant.
You fly up into the air.
You block Pikel's attack.
You barely miss Pikel.
Pikel is heavily wounded.
Pikel hits you with a +2 whip of flaming!
* * * LOW HITPOINT WARNING * * *
Pikel burns you.
* * * LOW HITPOINT WARNING * * *
You hit Pikel but do no damage.
Pikel is heavily wounded.
Pikel hits you with a +2 whip of flaming!
* * * LOW HITPOINT WARNING * * *
Pikel burns you.
* * * LOW HITPOINT WARNING * * *
Okay, then.
Really read the scroll of poison?
The air fills with toxic fumes!
As you read the scroll of poison, it crumbles to dust.
Pikel hits you but does no damage.
As you read the scroll of teleportation, it crumbles to dust.
You feel strangely unstable.
Pikel hits you with a +2 whip of flaming.
You die...

#.#.# #.# ... #.#
## #.# .## #.# ..
#.#####.# ########
########§§§§§#.#
.......#
#§§55K@§§§§§§§.#
.#####.#
#§##########§### .#
#.# #.# #.# .# #)#
#.# #.# .## #.# #.#
#.# ..## #.# ##.##
#.# ...# #.###...##
#.# ..##
#.##.....########.#
.##
#..†..............#


You could see Pikel and 2 lemures.

Vanquished Creatures
  A phantom (D:4)
  2 lemures (D:4)
  2 hounds
  Terence (D:2)
  Robin (D:4)
  2 gnolls (D:1)
  4 adders
  2 worms
  3 dart slugs (D:1)
  An orc (D:3)
  5 ball pythons
  9 endoplasms
  A giant cockroach (D:4)
  13 goblins
  3 hobgoblins
  2 quokkas
  5 bats
  4 frilled lizards
  5 kobolds
  6 rats
72 creatures vanquished.

Notes
Turn   | Place    | Note
-------+----------+-------------------------------------------
     0 | D:1      | vineage the Merfolk Fighter began the quest for the Orb.
     0 | D:1      | Reached XP level 1. HP: 18/18 MP: 1/1
    93 | D:1      | Reached XP level 2. HP: 21/24 MP: 2/2
   184 | D:1      | Reached skill level 1 in Dodging
   269 | D:1      | You fall into a shaft and drop 1 floor!
   423 | D:1      | Found Dihyam's Antique Weapon Shoppe.
   563 | D:1      | Reached XP level 3. HP: 29/29 MP: 3/3
   759 | D:1      | Found a faded altar of an unknown god.
   808 | D:2      | Reached XP level 4. HP: 36/37 MP: 4/4
   952 | D:2      | Noticed Terence
   970 | D:2      | Killed Terence
  1567 | D:3      | Reached XP level 5. HP: 35/42 MP: 5/5
  1828 | D:3      | Found a sacrificial altar of Ru.
  2369 | D:4      | Noticed a lemure
  2369 | D:4      | Noticed a lemure
  2370 | D:4      | Noticed Pikel
  2381 | D:4      | Noticed a lemure
  2384 | D:4      | Killed a lemure
  2398 | D:4      | Noticed a lemure
  2859 | D:4      | Noticed Robin
  2895 | D:4      | Killed Robin
  2896 | D:4      | Reached XP level 6. HP: 47/48 MP: 6/6
  3065 | D:4      | Slain by Pikel

Illustrated notes

Levels and vault maps discovered:
D:1:      minmay_arrival_cross, layout_rooms, serial_shops, shop,
          hellmonk_ecumenical_altar_inner_sanctum
D:2:      layout_basic, minmay_misc_feat_more_columns,
          chequers_serial_rivers_room_a, wad_floor_pattern_2, uniq_terence
D:3:      layout_basic, nicolae_ru_awakened_eye, eino_tiny_chamber
D:4:      layout_loops_ring, uniq_robin, uniq_pikel

Skill      XL: |  1  2  3  4  5  6 |
---------------+-------------------+-----
Polearms       | 3 4 |  4.5
Dodging        | 1 2 3 |  3.3
Fighting       | 4 |  4.4
Shields        | 4 |  4.1
Armour         | 3 |  3.0

Action                     |  1- 3 |  4- 6 || total
---------------------------+-------+-------++-------
  Melee: Trident           |    73 |   226 ||   299
    Use: Scroll            |       |    15 ||    15
         Potion            |       |     3 ||     3
   Stab: Fleeing           |       |     1 ||     1
 Armour: Chain mail        |     4 |       ||     4
         Scale mail        |     2 |       ||     2
         Plate armour      |    27 |   112 ||   139
  Dodge: Dodged            |    12 |    42 ||    54
  Block: Buckler           |     7 |    46 ||    53

Table legend: (Time is in decaauts)
 A = Elapsed time spent in this place.
 B = Non-inter-level travel time spent in this place.
 C = Inter-level travel time spent in this place.
 D = Time resting spent in this place.
 E = Time spent auto-exploring this place.
 F = Levels seen in this place.
 G = Mean time per level.
                   A        B        C        D        E       F      G
               +--------+--------+--------+--------+--------+-----+--------+
         Total |   3107 |   2983 |    124 |    568 |   1762 |   4 |  776.8 |
       Dungeon |   3107 |   2983 |    124 |    568 |   1762 |   4 |  776.8 |
               +--------+--------+--------+--------+--------+-----+--------+

Top non-repeatable levels by time:
     D:4: 915 daAuts
     D:2: 902 daAuts
     D:1: 649 daAuts
     D:3: 640 daAuts
